 Dungeon Crawl Stone Soup version 0.23-a0-625-g1d2cd9b (console) character file.

13006 Duffy the Nimble (level 11, 0/72 HPs)
             Began as a Deep Elf Wizard on Dec 24, 2018.
             Was a Priest of Vehumet.
             Slain by a polar bear (4 damage)
             ... in an ice cave.
             The game lasted 00:22:48 (16244 turns).

Duffy the Nimble (Deep Elf Wizard)                 Turns: 16244, Time: 00:22:49

Health: 0/72       AC:  7    Str:  4    XL:     11   Next: 69%
Magic:  18/35      EV: 19    Int: 27    God:    Vehumet [***...]
Gold:   734        SH:  0    Dex: 13    Spells: 20/29 levels left

rFire    . . .     SeeInvis .   v - wand of random effects (1)
rCold    . . .     Gourm    .   (no shield)
rNeg     . . .     Faith    .   c - +0 steam dragon scales
rPois    .         Spirit   .   b - +0 hat
rElec    .         Reflect  .   w - +0 cloak
rCorr    .         Harm     .   (no gloves)
MR       ++...                  x - +0 pair of boots
Stlth    ++........             (no amulet)
HPRegen  0.22/turn              r - ring of magical power
MPRegen  0.24/turn              B - ring of protection from magic

@: no status effects
A: no striking features
a: Renounce Religion


You were in an ice cave.
You worshipped Vehumet.
Vehumet was most pleased with you.
You were not hungry.

You visited 3 branches of the dungeon, and saw 13 of its levels.
You also visited: Sewer and Ice Cave.

You collected 734 gold pieces.

Inventory:

Hand Weapons
 y - a +4 quarterstaff of chaos
Missiles
 s - 4 curare-tipped needles
Armour
 b - a +0 hat (worn)
 c - +0 steam dragon scales (worn)
 w - a +0 cloak (worn)
 x - a +0 pair of boots (worn)
 F - a +2 leather armour of poison resistance
 M - a +2 robe of magic resistance
Jewellery
 r - a ring of magical power (left hand)
 B - a ring of protection from magic (right hand)
 C - an uncursed ring of wizardry
 L - an uncursed ring of resist corrosion
Wands
 v - a wand of random effects (1) (in hand)
 E - a wand of flame (21)
 K - a wand of acid (1)
 N - a wand of polymorph (6)
Scrolls
 a - 9 scrolls of identify
 g - 3 scrolls of remove curse
 i - 2 scrolls of teleportation
 j - 3 scrolls of amnesia {unknown}
 k - 6 scrolls of blinking {unknown}
 m - 6 scrolls of fear {unknown}
 n - 6 scrolls of magic mapping {unknown}
 q - 2 scrolls of enchant armour {unknown}
 u - 3 scrolls of noise {unknown}
 A - 3 scrolls of enchant weapon {unknown}
 G - 3 scrolls of immolation {unknown}
 H - a scroll of vulnerability {unknown}
 J - a scroll of fog {unknown}
Potions
 e - 4 potions of mutation {unknown}
 f - 3 potions of brilliance {unknown}
 h - 2 potions of berserk rage {unknown}
 l - 4 potions of heal wounds {unknown}
 o - 5 potions of haste {unknown}
 p - a potion of degeneration {unknown}
 t - 4 potions of flight
 z - a potion of ambrosia {unknown}
 D - a potion of lignification {unknown}
 P - 2 potions of agility {unknown}
 Q - a potion of curing {unknown}
Miscellaneous
 O - a phantom mirror
Comestibles
 d - 26 rations
 I - 7 chunks of flesh


   Skills:
 - Level 10.0 Fighting
 - Level 12.0 Dodging
 - Level 2.4 Stealth
 + Level 9.6 Spellcasting
 + Level 7.1 Conjurations
   Level 1.1 Summonings
 - Level 1.1 Translocations
 - Level 6.0 Evocations


You had 20 spell levels left.
You knew the following spells:

 Your Spells              Type           Power        Failure   Level  Hunger
h - Magic Dart            Conj           ####         1%          1    None
k - Mephitic Cloud        Conj/Pois/Air  ####....     1%          3    None
l - Conjure Flame         Conj/Fire      ####....     1%          3    None
B - Blink                 Tloc           N/A          4%          2    None

Your spell library contained the following spells:

 Spells                   Type           Power        Failure   Level  Hunger
 Searing Ray              Conj           ######       1%          2    None
 Sting                    Conj/Pois      ####         1%          1    None
 Summon Small Mammal      Summ           ###.         2%          1    None
 Call Imp                 Summ           ###.....     4%          2    None
 Poisonous Vapours        Pois/Air       ##....       7%          2    None
 Slow                     Hex            ##......     7%          2    None
 Venom Bolt               Conj/Pois      ####......   8%          5    ####...
 Call Canine Familiar     Summ           ###.....     9%          3    None
 Summon Guardian Golem    Hex/Summ       ###.....     11%         3    None
 Olgreb's Toxic Radiance  Pois           ##......     12%         4    None
 Summon Ice Beast         Ice/Summ       ###.....     34%         4    None
 Summon Lightning Spire   Summ/Air       ###.....     34%         4    None


Dungeon Overview and Level Annotations

Branches:
Dungeon (10/15)            Temple (1/1) D:6            Lair (2/6) D:9
  Swamp: Lair:2-4    Shoals: Lair:2-4     Snake: Lair:2-4    Spider: Lair:2-4
    Orc: D:9-12

Altars:
Ashenzari
Cheibriados
Dithmenos
Elyvilon
Fedhas
Gozag
Hepliaklqana
Kikubaaqudgha
Makhleb
Nemelex Xobeh
Okawaru
Qazlal
Ru
Sif Muna
Trog
Uskayaw
Vehumet
Wu Jian
Xom
Yredelemnul
Zin
The Shining One

Shops:
D:6 =

Annotations:
D:7 Harold


Message History

Casting: Magic Dart (safe; 1% risk of failure)
Confirm with . or Enter, or press ? or * to list all spells.
Aiming: Magic Dart (safe; 1% risk of failure)
Press: ? - help, Shift-Dir - straight line, f/p - polar bear
Aim: a polar bear (severely wounded, berserk, fast, unusually strong)
The magic dart hits the polar bear.
The polar bear is almost dead.
The polar bear bites you!
The polar bear claws you but does no damage.
The polar bear completely misses you. The polar bear bites you!
The polar bear closely misses you. The polar bear claws you.
Casting: Magic Dart (safe; 1% risk of failure)
Confirm with . or Enter, or press ? or * to list all spells.
Aiming: Magic Dart (safe; 1% risk of failure)
Press: ? - help, Shift-Dir - straight line, f/p - polar bear
Aim: a polar bear (almost dead, berserk, fast, unusually strong)
The magic dart hits the polar bear.
The polar bear is almost dead.
The polar bear bites you! The polar bear claws you.
You die...

##.###.##
#..##..#
##.###.#
#.###.#
#..##.#
##.##.##
#.###.##
#..##..#
##.###@# #..#
#h## ###..#
#..# ##
##...## ##.##
#... #..\.#
#..#####..h.h
##....#
##..#........
#..\.#
##0.....####
##..##
#..##### ####
####


You could see a polar bear (berserk).

Vanquished Creatures
  Erolcha (D:10)
  A hydra (D:10)
  A two-headed ogre (D:9)
  Joseph (D:7)
  A spiny frog (Lair:1)
  A komodo dragon (Lair:1)
  A troll (D:10)
  2 dream sheep (D:10)
  7 polar bears (Lair:1)
  2 hornets (D:10)
  Sigmund (D:2)
  14 yaks
  Eustachio (D:4)
  A water moccasin (Lair:1)
  2 porcupines (Lair:1)
  3 orc warriors
  2 ice beasts (D:10)
  2 sky beasts
  3 ogres
  8 black bears
  3 phantoms
  9 wolves
  A centaur (D:9)
  3 crocodiles
  3 big kobolds (D:10)
  7 bullfrogs
  A scorpion (D:5)
  5 wights
  3 howler monkeys
  3 jellies
  A centaur zombie (D:10)
  3 hounds
  An orc priest (D:10)
  A bullfrog skeleton (D:8)
  4 orc wizards
  Crazy Yiuf (D:4)
  An iguana (D:7)
  9 worker ants
  A merfolk siren (Sewer)
  A hell rat (Lair:1)
  A merfolk avatar (Sewer)
  A killer bee zombie (D:8)
  2 howler monkey zombies
  4 gnolls (D:7)
  12 adders
  9 river rats
  4 shadow imps
  An adder skeleton (D:5)
  A worm (D:3)
  5 leopard geckos
  37 orcs
  5 ball pythons (Sewer)
  6 giant cockroaches
  9 hobgoblins
  7 jackals
  8 kobolds
  2 quokkas
  5 bats
  6 frilled lizards
  7 goblins
  A leopard gecko zombie (D:8)
  35 rats
284 creatures vanquished.

Notes
Turn   | Place    | Note
-------+----------+-------------------------------------------
     0 | D:1      | Duffy the Deep Elf Wizard began the quest for the Orb.
     0 | D:1      | Reached XP level 1. HP: 10/10 MP: 7/7
   330 | D:1      | Reached XP level 2. HP: 15/15 MP: 6/9
   658 | D:1      | Reached skill level 5 in Spellcasting
  1227 | D:2      | Reached XP level 3. HP: 9/19 MP: 0/11
  1232 | D:2      | Learned a level 3 spell: Conjure Flame
  1236 | D:2      | Learned a level 3 spell: Mephitic Cloud
  1239 | D:2      | Learned a level 2 spell: Blink
  1841 | D:2      | Found a snail-covered altar of Cheibriados.
  1877 | D:2      | Noticed Sigmund
  1902 | D:2      | Killed Sigmund
  1902 | D:2      | Reached XP level 4. HP: 24/24 MP: 0/14
  1902 | D:2      | Reached XP level 5. HP: 28/28 MP: 0/16
  2860 | D:3      | Reached skill level 1 in Fighting
  2860 | D:3      | Reached skill level 3 in Dodging
  2860 | D:3      | Reached XP level 6. HP: 34/34 MP: 12/17
  3238 | D:4      | Noticed Eustachio
  3343 | D:4      | Reached skill level 4 in Dodging
  3418 | D:4      | Found a glowing drain.
  3422 | Sewer    | Entered a sewer
  3618 | Sewer    | Reached XP level 7. HP: 40/40 MP: 17/19
  4296 | D:4      | Found a runed door.
  4300 | D:4      | Noticed Crazy Yiuf
  4304 | D:4      | Killed Crazy Yiuf
  4304 | D:4      | Reached skill level 5 in Dodging
  4797 | D:4      | Killed Eustachio
  4887 | D:5      | Entered Level 5 of the Dungeon
  4935 | D:5      | Reached skill level 6 in Dodging
  5167 | D:5      | Found a basalt altar of Yredelemnul.
  5436 | D:5      | Reached XP level 8. HP: 30/48 MP: 13/20
  5859 | D:5      | Reached skill level 5 in Fighting
  6279 | D:6      | Found a staircase to the Ecumenical Temple.
  6288 | Temple   | Entered the Ecumenical Temple
  6524 | Temple   | Became a worshipper of Vehumet
  6552 | D:6      | Found an opulent altar of Gozag.
  6620 | D:6      | Found Kaokk's Jewellery Shop.
  7903 | D:7      | Got a brightly glowing ring mail
  7987 | D:7      | Reached * piety under Vehumet
  7987 | D:7      | Offered knowledge of Freeze by Vehumet.
  8245 | D:7      | Noticed Joseph
  8260 | D:7      | Killed Joseph
  8260 | D:7      | Reached skill level 7 in Dodging
  8260 | D:7      | Reached XP level 9. HP: 51/57 MP: 13/21
  8353 | D:7      | Noticed Harold
  8549 | D:8      | Found a shimmering altar of Xom.
  8597 | D:8      | Found a shimmering altar of Xom.
  8598 | D:8      | Found a shimmering altar of Xom.
  8599 | D:8      | Found a shimmering altar of Xom.
  8604 | D:8      | Found a shimmering altar of Xom.
  8604 | D:8      | Found a shimmering altar of Xom.
  8606 | D:8      | Found a shimmering altar of Xom.
  8719 | D:8      | Found a sacrificial altar of Ru.
  9121 | D:8      | Reached skill level 8 in Dodging
  9972 | D:9      | Noticed a two-headed ogre
 10009 | D:9      | Killed a two-headed ogre
 10009 | D:9      | Reached skill level 9 in Dodging
 10158 | D:9      | Found an ornate altar of the Wu Jian Council.
 10158 | D:9      | Found a glowing golden altar of the Shining One.
 10158 | D:9      | Found a burning altar of Makhleb.
 10348 | D:9      | Found a shattered altar of Ashenzari.
 10393 | D:9      | Found a staircase to the Lair.
 10994 | D:10     | Entered Level 10 of the Dungeon
 11098 | D:10     | Reached skill level 10 in Dodging
 11098 | D:10     | Reached XP level 10. HP: 58/65 MP: 21/22
 11428 | D:10     | Found a stormy altar of Qazlal.
 11457 | D:10     | Reached skill level 1 in Evocations
 11618 | D:10     | Noticed Erolcha
 11626 | D:10     | Offered knowledge of Sandblast by Vehumet.
 11638 | D:10     | Killed Erolcha
 11638 | D:10     | Reached skill level 11 in Dodging
 11877 | D:10     | Reached ** piety under Vehumet
 12781 | D:10     | Reached skill level 5 in Evocations
 12781 | D:10     | Reached XP level 11. HP: 69/72 MP: 3/23
 12929 | D:10     | Noticed a three-headed hydra
 12934 | D:10     | Killed a three-headed hydra
 12934 | D:10     | Reached skill level 10 in Fighting
 13372 | Lair:1   | Entered Level 1 of the Lair of Beasts
 13439 | Lair:1   | Identified the +1 ring mail "Ycybbao" {rC- rN+++ Str-4
                  | Dex+3} (You found it on level 7 of the Dungeon)
 13439 | Lair:1   | Lost strength.
 13507 | Lair:1   | Reached skill level 12 in Dodging
 13788 | Lair:1   | Offered knowledge of Searing Ray by Vehumet.
 13810 | Lair:1   | Reached skill level 5 in Conjurations
 14209 | Lair:1   | Reached *** piety under Vehumet
 14368 | Lair:1   | HP: 2/72 [komodo dragon (11)]
 16047 | Lair:2   | Found a frozen archway.
 16054 | IceCv    | Entered an ice cave
 16244 | IceCv    | Slain by a polar bear

Vault maps used:
D:1:      minmay_arrival_three_doors, roderic_lattice_a,
          hangedman_decor_clover_reticule, minmay_misc_feat_roman
D:2:      cheibriados_altar_1, first_ration, uniq_sigmund
D:3:      hex_medium, minmay_quantized
D:4:      gup_sewer_entry_bowl, uniq_eustachio, uniq_crazy_yiuf_cottage
D:5:      lemuel_doored_altar
D:6:      minmay_cornered_nines, minmay_temple_entry_junction,
          serial_column_ruins, column_ruins_temple_circle,
          column_ruins_hut_water, column_ruins_open_tiny,
          column_ruins_columns_straight, column_ruins_open_small,
          column_ruins_columns_straight, column_ruins_corridor_T,
          column_ruins_grid_3, column_ruins_open_tiny,
          minmay_shop_enchanted_jewellery, palyth_stone_intersect
D:7:      uniq_harold, uniq_pikel, uniq_menkaure, uniq_joseph
D:8:      nicolae_ru_sacrificial_ziggurat, nicolae_xom_altar_mimics
D:9:      nicolae_ashenzari_panopticon,
          chequers_temple_overflow_statue_of_worship
D:10:     basic_altar, hangedman_ranch, uniq_erolcha
Temple:   eino_temple_water
Lair:1:   beast_lair_carwin_large_4, kennysheep_abandoned_house
Lair:2:   portal_ice_cave_entry_pillars_1, serial_forest,
          infiniplex_forest_lined_corner, infiniplex_forest_lined_corner,
          infiniplex_forest_lined_room_, infiniplex_forest_clump_tiny,
          infiniplex_forest_lined_2, infiniplex_forest_end_3,
          infiniplex_forest_straight_3, minmay_lair_oklob_bushes
Sewer:    sewer_sea
IceCv:    ice_cave_caverns_01

Skill      XL: |  1  2  3  4  5  6  7  8  9 10 11 |
---------------+----------------------------------+-----
Conjurations   | 2 4 7 |  7.1
Spellcasting   | 5 6 9 |  9.6
Fighting       | 1 2 4 7 8 9 10 | 10.0
Dodging        | 3 4 6 7 10 11 12 | 12.0
Evocations     | 5 6 |  6.0
Stealth        | |  2.4
Summonings     | |  1.1
Translocations | |  1.1

Action                   |  1- 3 |  4- 6 |  7- 9 | 10-12 || total
-------------------------+-------+-------+-------+-------++-------
 Cast: Magic Dart        |    87 |   120 |   457 |   429 ||  1093
       Mephitic Cloud    |     1 |       |     7 |     8 ||    16
       Conjure Flame     |       |       |    27 |    68 ||    95
       Blink             |       |       |    15 |    21 ||    36
Evoke: Wand              |       |       |     8 |    28 ||    36
  Use: Scroll            |       |       |     2 |     3 ||     5
  Eat: Chunk             |     2 |     6 |    23 |    15 ||    46
Armor: Steam dragon scal |     7 |     3 |    22 |    49 ||    81
Dodge: Dodged            |    11 |     5 |    90 |   260 ||   366

Table legend:
 A = Non-vault XP
 B = Vault XP
 C = Vault XP percentage of total XP
 D = Non-vault monster count
 E = Vault monster count
 F = Vault count percentage of total count
                 A         B        C        D         E       F
            +---------+---------+-------+---------+---------+-------
      Total |    9908 |    8672 |  46.7 |     166 |     118 |  41.5
            +---------+---------+-------+---------+---------+-------
        D:1 |      26 |       0 |   0.0 |      17 |       0 |   0.0
        D:2 |      75 |     220 |  74.6 |      22 |       1 |   4.3
        D:3 |     128 |       7 |   5.2 |      18 |       3 |  14.3
        D:4 |     317 |     233 |  42.4 |       6 |       3 |  33.3
        D:5 |     474 |       0 |   0.0 |      11 |       0 |   0.0
        D:6 |     283 |     384 |  57.6 |      11 |       3 |  21.4
        D:7 |     370 |     403 |  52.1 |      10 |       1 |   9.1
        D:8 |    1080 |       0 |   0.0 |      22 |       0 |   0.0
        D:9 |    1222 |       0 |   0.0 |      10 |       0 |   0.0
       D:10 |    3648 |    3585 |  49.6 |      24 |      35 |  59.3
     Lair:1 |    2285 |    3322 |  59.2 |      15 |      28 |  65.1
      Sewer |       0 |     172 | 100.0 |       0 |      41 | 100.0
      IceCv |       0 |     346 | 100.0 |       0 |       3 | 100.0
            +---------+---------+-------+---------+---------+-------
